 Dungeon Crawl Stone Soup version 0.32-a0-35-gd9ff480968 (webtiles) character file.

Game seed: 18260548205636610110

34 Atlas the Firebug (level 3, -2/24 HPs)
             Began as a Demonspawn Fire Elementalist on Jan 21, 2024.
             Slain by Crazy Yiuf
             ... wielding a +2 quarterstaff of chaos
              (7 damage)
             ... on level 2 of the Dungeon.
             The game lasted 00:01:23 (1453 turns).

Atlas the Firebug (Demonspawn Fire Elementalist)    Turns: 1453, Time: 00:01:25

Health: -2/24      AC:  3    Str:  8    XL:     3   Next: 14%
Magic:  0/6        EV: 18    Int: 17    God:
Gold:   60         SH:  0    Dex: 13    Spells: 4/7 levels left

rFire   . . .        c - +2 dagger (speed)
rCold   . . .        (no shield)
rNeg    . . .        g - +0 leather armour
rPois   .            (no helmet)
rElec   .            (no cloak)
rCorr   .            (no gloves)
SInv    .            (no boots)
Will    .....        (no amulet)
Stlth   ++           a - +5 ring of evasion
HPRegen 0.24/turn    (no ring)
MPRegen 0.10/turn

%: no passive effects
@: lethally poisoned (-2 -> -6), very slightly contaminated
A: repulsion field 1, demonic touch 1
a: no special abilities


You were on level 2 of the Dungeon.
You visited 1 branch of the dungeon, and saw 2 of its levels.

You collected 60 gold pieces.

Inventory:

Hand Weapons
 c - a +2 dagger of speed (weapon)
Armour
 g - a +0 leather armour (worn)
Jewellery
 a - a +5 ring of evasion (left hand)
Scrolls
 e - a scroll of identify {unknown}
 f - a scroll of fear {unknown}
 i - a scroll of revelation {unknown}
Potions
 b - 2 potions of magic
 d - a potion of invisibility {unknown}
 h - a potion of heal wounds {unknown}


   Skills:
 + Level 0.1 Short Blades
 + Level 1.8 Dodging
 + Level 1.8 Stealth
 + Level 2.5 Spellcasting
 + Level 1.1 Conjurations
 + Level 3.4 Fire Magic


You had 4 spell levels left.
You knew the following spells:

 Your Spells              Type           Power      Damage    Failure   Level
a - Scorch                Fire           26%        2d6       10%         2
b - Foxfire               Conj/Fire      36%        2x1d5     11%         1

Your spell library contained the following spells:

 Spells                   Type           Power      Damage    Failure   Level
 Inner Flame              Hex/Fire       7%         N/A       36%         3
 Volatile Blastmotes      Fire/Tloc      14%        2d11      36%         3
 Hailstorm                Conj/Ice       4%         3d5       54%         3
 Summon Ice Beast         Ice/Summ       2%         N/A       63%         3
 Flame Wave               Conj/Fire      9%         2d6       71%         4
 Sculpt Simulacrum        Ice/Alch       1%         N/A       100%        6


Dungeon Overview and Level Annotations

Branches:
Dungeon (2/15)

Altars:

Annotations:
D:2 Crazy Yiuf


Innate Abilities, Weirdness & Mutations

You are surrounded by a mild repulsion field. (EV +2)
Your touch may inflict minor irresistible damage on your foes.


Message History

You open the door.
Casting: Foxfire (safe; 11% risk of failure)
Confirm with . or Enter, or press ? or * to list all spells.
Flames lash Crazy Yiuf.
Crazy Yiuf is moderately wounded.
Crazy Yiuf's fire resistance burns away.
Crazy Yiuf closely misses you.
Unknown command.
Unknown command.
Casting: Scorch (safe; 10% risk of failure)
Confirm with . or Enter, or press ? or * to list all spells.
Flames lash Crazy Yiuf.
Crazy Yiuf is burned terribly!
Crazy Yiuf is heavily wounded.
Crazy Yiuf hits you with a +2 quarterstaff of chaos.
You are poisoned.
Unknown command.
Unknown command.
Casting: Scorch (safe; 10% risk of failure)
Confirm with . or Enter, or press ? or * to list all spells.
You miscast Scorch.
You are very lightly contaminated with residual magic.
Nothing appears to happen.
You feel very sick. Crazy Yiuf completely misses you.
You hit Crazy Yiuf.
Crazy Yiuf is severely wounded.
You feel sick.
You hit Crazy Yiuf.
Crazy Yiuf is severely wounded.
You feel sick.
Crazy Yiuf hits you with a +2 quarterstaff of chaos!
Ouch! That really hurt!
* * * LOW HITPOINT WARNING * * *
You closely miss Crazy Yiuf.
Crazy Yiuf is severely wounded.
* * * LOW HITPOINT WARNING * * *
You feel sick.
Crazy Yiuf grits, "Action light arm!"
Crazy Yiuf hits you with a +2 quarterstaff of chaos!
You die...

#....###.#
#....#
#.########
♣PP..♣
#..#.....#
♣♣P..♣
#..#.....#
♣♣.♣♣
#..#.....#
♣♣.♣
#[....>..###
♣.♣♣
#.#..^.....#
♣♣.♣
#.#.###....#
♣@♣♣
#..........#
#g#
###÷#####'##
...
#.#...#...
#...#
#.#.#.###.
#)..#
#<#.#...#.
#####
#.#.###.#.
#.#.#...#.
#####
#.#.#...#.
#..%#
#.#.#...#†


You could see Crazy Yiuf (combustible).

Vanquished Creatures
  An adder (D:2)
  A bat (D:1)
  2 endoplasms (D:1)
  5 goblins (D:1)
  4 hobgoblins
  A quokka (D:1)
  A ball python (D:1)
  4 kobolds (D:1)
  5 rats
24 creatures vanquished.

Vanquished Creatures (others)
  68 foxfires
68 creatures vanquished.

Grand Total: 92 creatures vanquished

Notes
Turn   | Place    | Note
-------+----------+-------------------------------------------
     0 | D:1      | Atlas the Demonspawn Fire Elementalist began the quest for
                  | the Orb.
     0 | D:1      | Reached XP level 1. HP: 13/13 MP: 3/3
    62 | D:1      | Reached skill level 3 in Fire Magic
   330 | D:1      | Gained mutation: You are surrounded by a mild repulsion
                  | field. (EV +2) [demonic ancestry]
   330 | D:1      | Reached XP level 2. HP: 14/19 MP: 0/5
  1186 | D:2      | Gained mutation: Your touch may inflict minor irresistible
                  | damage on your foes. [demonic ancestry]
  1186 | D:2      | Reached XP level 3. HP: 18/24 MP: 0/6
  1189 | D:2      | Learned a level 2 spell: Scorch
  1260 | D:2      | Found a runed translucent door.
  1261 | D:2      | Noticed Crazy Yiuf
  1453 | D:2      | Slain by Crazy Yiuf

Illustrated notes

Levels and vault maps discovered:
D:1:      mushboom_english_gardens, layout_loops_ring, supply_closet_lemuel
D:2:      layout_basic, serial_shops, nicolae_shop_pleasant_corner_grove,
          grunt_decor_arrowhead, hangedman_decor_riveting,
          uniq_crazy_yiuf_cottage

Skill      XL: |  1 |
---------------+----+-----
Fire Magic     | 3 |  3.4
Short Blades   | |  0.1
Dodging        | |  1.8
Stealth        | |  1.8
Spellcasting   | |  2.5
Conjurations   | |  1.1

Action                     || total
---------------------------++-------
  Melee: Dagger            ||    22
         Unarmed           ||     1
   Cast: Foxfire           ||    39
         Scorch            ||     2
   Stab: Sleeping          ||     1
 Armour: Robe              ||    12
         Leather armour    ||     5
  Dodge: Dodged            ||    15

Table legend: (Time is in decaauts)
 A = Elapsed time spent in this place.
 B = Non-inter-level travel time spent in this place.
 C = Inter-level travel time spent in this place.
 D = Time resting spent in this place.
 E = Time spent auto-exploring this place.
 F = Levels seen in this place.
 G = Mean time per level.
                   A        B        C        D        E       F      G
               +--------+--------+--------+--------+--------+-----+--------+
         Total |   1445 |   1428 |     17 |      0 |   1250 |   2 |  722.5 |
       Dungeon |   1445 |   1428 |     17 |      0 |   1250 |   2 |  722.5 |
               +--------+--------+--------+--------+--------+-----+--------+

Top non-repeatable levels by time:
     D:1: 1164 daAuts
     D:2: 280 daAuts
